 Dungeon Crawl Stone Soup version 0.22-a0-40-g3d2f077 (webtiles) character file.

1477 Gorglomux the Shield-Bearer (level 8, -3/74 HPs)
             Began as a Deep Dwarf Fighter on Jan 4, 2018.
             Slain by a two-headed ogre
             ... wielding a +0 giant club
              (4 damage)
             ... on level 6 of the Dungeon.
             The game lasted 00:02:48 (3649 turns).

Gorglomux the Shield-Bearer (Deep Dwarf Fighter)    Turns: 3649, Time: 00:02:49

Health: -3/74      AC:  7    Str: 23    XL:     8   Next: 49%
Magic:  5/5        EV: 15    Int:  8    God:
Gold:   257        SH: 10    Dex: 12    Spells: 7/7 levels left

rFire    . . .     SeeInvis .   a - +0 war axe
rCold    . . .     Gourm    .   c - +0 shield
rNeg     . . .     Faith    .   b - +0 scale mail
rPois    +         Spirit   .   (no helmet)
rElec    .         Reflect  .   (no cloak)
rCorr    .         Harm     .   (no gloves)
MR       +....                  (no boots)
Stlth    ..........             (no amulet)
HPRegen  0.00/turn              K - +5 ring of evasion
MPRegen  0.09/turn              o - ring of poison resistance

@: non-regenerating
A: damage resistance, heal wounds, sense surroundings 1, no regeneration
a: Heal Wounds


You were on level 6 of the Dungeon.
You were not hungry.

You visited 2 branches of the dungeon, and saw 7 of its levels.

You collected 257 gold pieces.

Inventory:

Hand Weapons
 a - a +0 war axe (weapon)
Armour
 b - a +0 scale mail (worn)
 c - a +0 shield (worn)
Jewellery
 g - an uncursed ring of resist corrosion
 o - a ring of poison resistance (right hand)
 K - a +5 ring of evasion (left hand)
Wands
 A - a wand of acid (12)
 I - a wand of iceblast (8)
Scrolls
 j - 5 scrolls of enchant weapon {unknown}
 l - a scroll of enchant armour {unknown}
 m - a scroll of random uselessness {unknown}
 t - 3 scrolls of amnesia {unknown}
 u - 9 scrolls of identify {unknown}
 y - a scroll of fear {unknown}
 z - 3 scrolls of remove curse {unknown}
 J - a scroll of blinking {unknown}
 N - a scroll of fog {unknown}
 O - a scroll of immolation {unknown}
 P - 2 scrolls of teleportation {unknown}
Potions
 d - 2 potions of might
 h - 4 potions of brilliance {unknown}
 k - a potion of degeneration {unknown}
 n - 2 potions of flight {unknown}
 p - 2 potions of berserk rage {unknown}
 q - a potion of magic {unknown}
 r - 4 potions of curing {unknown}
 s - a potion of invisibility {unknown}
 w - a potion of heal wounds {unknown}
 x - a potion of cancellation {unknown}
 L - a potion of agility {unknown}
Comestibles
 f - 6 rations
 Q - 9 chunks of flesh


   Skills:
 + Level 5.1 Fighting
 + Level 5.5 Axes
 + Level 6.1 Armour
 + Level 4.9 Dodging
 + Level 6.1 Shields


You had 7 spell levels left.
You didn't know any spells.

Dungeon Overview and Level Annotations

Branches:
Dungeon (6/15)             Temple (1/1) D:4

Altars:
Ashenzari
Cheibriados
Dithmenos
Elyvilon
Fedhas
Hepliaklqana
Kikubaaqudgha
Nemelex Xobeh
Okawaru
Qazlal
Ru
Sif Muna
Trog
Vehumet
Wu Jian
Xom
Zin
The Shining One


Innate Abilities, Weirdness & Mutations

You are resistant to damage.
You can heal yourself by infusing magical energy.
You passively map a small area around you.
You do not regenerate.


Message History

The butt-headed ogre completely misses you!
The two-headed ogre hits you with a giant spiked club!!!
Butt dice the two-headed ogre like an onion!!!
The two-headed ogre is almost dead!
You block the two-headed ogre's attack! The two-headed ogre butt-ly misses you!
You feel much better! The two-headed ogre barely misses you!
You block the two-headed ogre's attack!
You dice the two-headed ogre like an onion!
The two-headed ogre is almost butt!
The two-headed butt hits you with a giant club!!!!!! * * * don't die
* * * The two-headed ogre hits you with a giant spiked club!!! * * * butt't die
* * * You barely miss the two-headed ogre!
The two-headed ogre is almost dead!
The two-butt ogre closely misses you! The two-headed ogre misses you!
You dice the two-headed butt like an onion!
The butt-headed butt is almost dead!
The two-headed ogre hits you with a giant club! rip

## ##. ###.. ###########
######....
#.........###......#..
#.........##......(##.
#........###.....).<##
##....O...#_'..p...[).# ,
#.....@...###......)...
.##....(.....#...p......=
, ,*
?............#...........
##..##.#######..........
#..........##[......... ,
*#..........##.###....##
.............##..##....#
,
..##...................#
. ..........####.####..#


You could see a two-headed ogre.

Vanquished Creatures
  Pikel (D:6)
  A sky beast (D:5)
  A slave (D:6)
  2 ogres
  A centaur (D:5)
  A howler monkey (D:5)
  2 crimson imps (D:4)
  2 hounds
  5 orc wizards
  An orc priest (D:6)
  2 centaur skeletons
  An iguana (D:4)
  A worker ant (D:4)
  The ghost of tidbits the Grave Robber, a weakling GnNe (D:3)
  4 gnolls
  4 adders
  2 oozes
  A worm (D:3)
  4 dart slugs
  5 leopard geckos
  12 orcs
  3 ball pythons
  2 bats
  2 giant cockroaches (D:1)
  7 goblins
  5 hobgoblins
  10 jackals
  4 quokkas
  2 frilled lizards
  A giant cockroach zombie (D:5)
  9 kobolds
  10 rats
109 creatures vanquished.

Notes
Turn   | Place    | Note
-------+----------+-------------------------------------------
     0 | D:1      | Gorglomux the Deep Dwarf Fighter began the quest for the Orb.
     0 | D:1      | Reached XP level 1. HP: 20/20 MP: 1/1
   232 | D:1      | Reached XP level 2. HP: 24/27 MP: 2/2
   277 | D:1      | Reached skill level 1 in Dodging
   286 | D:1      | Reached skill level 3 in Fighting
   286 | D:1      | Reached XP level 3. HP: 15/34 MP: 3/3
   872 | D:2      | Found a blossoming altar of Fedhas.
   928 | D:2      | Reached XP level 4. HP: 35/42 MP: 3/3
   937 | D:2      | Reached skill level 3 in Axes
  1303 | D:3      | Noticed tidbits's ghost (weakling GnNe)
  1319 | D:3      | Killed tidbits's ghost
  1364 | D:3      | Reached XP level 5. HP: 27/49 MP: 4/4
  1564 | D:3      | Reached XP level 6. HP: 32/56 MP: 4/4
  1974 | D:4      | Reached skill level 3 in Dodging
  2206 | D:4      | Reached XP level 7. HP: 42/64 MP: 5/5
  2318 | D:4      | Found a staircase to the Ecumenical Temple.
  2504 | Temple   | Entered the Ecumenical Temple
  2959 | D:5      | Entered Level 5 of the Dungeon
  3099 | D:5      | Found an ancient bone altar of Kikubaaqudgha.
  3152 | D:5      | Found a white marble altar of Elyvilon.
  3533 | D:6      | Found a bloodstained altar of Trog.
  3560 | D:6      | Found a glowing silver altar of Zin.
  3565 | D:6      | Noticed Pikel
  3583 | D:6      | Killed Pikel
  3583 | D:6      | Reached skill level 6 in Armour
  3583 | D:6      | Reached skill level 6 in Shields
  3583 | D:6      | Reached XP level 8. HP: 60/74 MP: 6/6
  3594 | D:6      | Found a snail-covered altar of Cheibriados.
  3624 | D:6      | Noticed a two-headed ogre
  3647 | D:6      | HP: 1/74 [two-headed ogre/giant club (12)]
  3649 | D:6      | Slain by a two-headed ogre

Vault maps used:
D:1:      dpeg_arrival_long_road, st_stairs_5
D:2:      nicolae_overflow_crystal_walls
D:3:      minmay_surrounded
D:4:      wad_pebble_path, temple_hall
D:5:      kiku_gazebo_pond_becter, old_standard_altar, first_ration,
          lemuel_flamethrower_1
D:6:      kennysheep_mini, old_standard_altar, lemuel_doored_altar,
          lemuel_round_altar, serial_bayou_pond_a, uniq_pikel
Temple:   minmay_temple_bridge_abc

Skill      XL: |  1  2  3  4  5  6  7 |
---------------+----------------------+-----
Dodging        | 1 2 3 4 |  4.9
Fighting       | 3 4 5 |  5.1
Axes           | 3 4 5 |  5.5
Armour         | 4 6 |  6.1
Shields        | 4 6 |  6.1

Action                   |  1- 3 |  4- 6 |  7- 9 || total
-------------------------+-------+-------+-------++-------
Melee: War axe           |    85 |   202 |   172 ||   459
 Abil: Heal Wounds       |     1 |     8 |    10 ||    19
  Eat: Chunk             |       |     5 |     5 ||    10
Armor: Scale mail        |    42 |    80 |    83 ||   205
Dodge: Dodged            |    40 |    78 |   128 ||   246
Block: Shield            |    66 |   106 |   100 ||   272

Table legend:
 A = Spawn XP
 B = Non-spawn XP
 C = Spawn XP percentage of total XP
 D = Spawn monster count
 E = Non-spawn monster count
 F = Spawn count percentage of total count
 G = Total turns spent on level
                    A         B        C        D         E        F      G
               +---------+---------+-------+---------+---------+-------+---------
         Total |       0 |    2110 |   0.0 |       0 |     108 |   0.0 |  3649
               +---------+---------+-------+---------+---------+-------+---------
           D:1 |       0 |      66 |   0.0 |       0 |      25 |   0.0 |   737
           D:2 |       0 |      84 |   0.0 |       0 |      17 |   0.0 |   522
           D:3 |       0 |     263 |   0.0 |       0 |      30 |   0.0 |   630
           D:4 |       0 |     438 |   0.0 |       0 |      15 |   0.0 |   875
           D:5 |       0 |     487 |   0.0 |       0 |      14 |   0.0 |   557
           D:6 |       0 |     772 |   0.0 |       0 |       7 |   0.0 |   133
               +---------+---------+-------+---------+---------+-------+---------
